cohdb
Replays
Latest Replays
All Replays
Popular Replays
Top Player Replays
Match Explorer
How It Works
Community
CoH3 Stats
Reddit
Sign in to upload your games and track your stats! →
Sign in with Steam
Match 42343564
Unlisted
Match 42343564
Overview
Messages
Build Orders
End
Construct Barracks
Riflemen Squad
Riflemen Squad
M1 Mortar Team
Riflemen Squad
Construct Medical Station
Construct Weapon Support Center
Infantry Support Center
Construct Tank Depot
Selects Armored Battlegroup
Grenade Package
Selects Veteran Crews
Selects Field Repairs
Selects War Machine
Selects Fast Deploy
Engineer Squad
M18 Hellcat Tank Destroyer
Field Repairs
Riflemen Squad
M18 Hellcat Tank Destroyer
Selects Seek and Destroy
Selects UNKNOWN (2160077)
Field Repairs
M4A3E8 Sherman Easy Eight
Field Repairs
M18 Hellcat Tank Destroyer
Riflemen Squad
Captain Retinue
M4A3E8 Sherman Easy Eight
Woods
SneaKerz
gb_gbg
Ronov76
SFK.Caoszombie
Xlive
0
0
Comments
sign in to comment!
No comments posted yet!